 Dungeon Crawl Stone Soup version 0.30-a0-1018-g25214051b3 (webtiles) character file.

Game seed: 4023189343987579782

3642 vineage the Fighter (level 10, -7/66 HPs)
             Began as a Gargoyle Fighter on Apr 7, 2023.
             Mangled by a two-headed ogre
             ... wielding a +0 giant club
              (18 damage)
             ... on level 8 of the Dungeon.
             The game lasted 00:07:03 (6434 turns).

vineage the Fighter (Gargoyle Fighter)              Turns: 6434, Time: 00:07:03

Health: -7/66      AC: 19    Str: 24    XL:     10   Next: 12%
Magic:  10/10      EV: 11    Int:  9    God:
Gold:   472        SH: 10    Dex:  9    Spells: 9/9 levels left

rFire   + . .      SeeInvis +    b - +0 morningstar
rCold   . . .      Faith    .    c - +0 buckler
rNeg    + . .      Spirit   .    h - +0 steam dragon scales
rPois   ∞          Reflect  +    (no helmet)
rElec   +          Rampage  +    q - +0 cloak
rCorr   .                        g - +1 pair of gloves {hurl}
Will    .....                    d - +1 pair of boots {rampage}
Stlth   +                        y - amulet of reflection
HPRegen 0.31/turn                f - ring of see invisible
MPRegen 0.12/turn                j - ring of protection from fire

@: mighty, invisible
A: sickness immunity, AC +7, negative energy resistance 1, electricity
resistance, torment resistance 1, petrification resistance
a: no special abilities


You were on level 8 of the Dungeon.
You visited 2 branches of the dungeon, and saw 9 of its levels.

You collected 472 gold pieces.

Inventory:

Hand Weapons
 a - a +1 flail
 b - a +0 morningstar (weapon)
 s - a +2 whip of flaming
Armour
 c - a +0 buckler (worn)
 d - a +1 pair of boots of rampaging (worn)
 g - a +1 pair of gloves of hurling (worn)
 h - +0 steam dragon scales (worn)
 q - a +0 cloak (worn)
Jewellery
 f - a ring of see invisible (left hand)
 j - a ring of protection from fire (right hand)
 r - an amulet of faith
 y - an amulet of reflection (around neck)
Wands
 m - a wand of flame (28)
 w - a wand of charming (2)
 z - a wand of digging (1)
Scrolls
 i - 2 scrolls of vulnerability
 u - a scroll of fog
 x - 3 scrolls of teleportation
Potions
 e - 3 potions of flight
 k - 4 potions of mutation
 l - 2 potions of brilliance
 n - a potion of cancellation {unknown}
 o - a potion of invisibility
 p - a potion of curing
 t - 2 potions of heal wounds {unknown}
 v - 3 potions of lignification {unknown}


   Skills:
 + Level 9.6 Fighting
 + Level 8.5 Maces & Flails
 + Level 7.2 Armour
 + Level 7.1 Shields


You had 9 spell levels left.
You didn't know any spells.
Your spell library contained the following spells:

 Spells                   Type           Power      Damage    Failure   Level
 Ensorcelled Hibernation  Hex/Ice        0%         N/A       58%         2
 Ignite Poison            Fire/Tmut/Pois 0%         N/A       83%         3
 Spider Form              Tmut/Pois      0%         N/A       83%         3
 Summon Guardian Golem    Hex/Summ       0%         N/A       83%         3
 Anguish                  Hex/Necr       0%         N/A       99%         4
 Dispel Undead            Necr           0%         3d6       99%         4
 Sticky Flame             Conj/Fire      0%         2d3       99%         4
 Death Channel            Necr           0%         N/A       100%        6
 Orb of Destruction       Conj           0%         9d5       100%        7
 Spellforged Servitor     Conj/Summ      0%         N/A       100%        7
 Ignition                 Fire           0%         3d3       100%        8
 Cigotuvi's Dreadful Rot  Necr/Pois/Air  Unusable   N/A       N/A         2

Dungeon Overview and Level Annotations

Branches:
Dungeon (8/15)             Temple (1/1) D:5
   Lair: D:8-11

Altars:
Ashenzari
Cheibriados
Dithmenos
Fedhas
Gozag
Hepliaklqana
Kikubaaqudgha
Makhleb
Nemelex Xobeh
Qazlal
Ru
Trog
Uskayaw
Vehumet
Wu Jian
Xom
Yredelemnul
The Shining One

Annotations:
D:8 exclusion: oklob sapling


Innate Abilities, Weirdness & Mutations

You are immune to sickness and miasma.
Your stone body is resilient. (AC +7)
You are immune to poison.
You resist negative energy. (rN+)
You are resistant to electric shocks. (rElec)
You are resistant to unholy torment.
You are immune to petrification.


Message History

An orc opens the door.
You barely miss the two-headed ogre.
The two-headed ogre is lightly wounded.
The orc shouts!
The two-headed ogre hits you with a +0 giant club!!
The two-headed ogre hits you with a +0 giant club!
An orc comes into view. It is wielding a +2 antimagic flail.
You are too injured to fight recklessly!
You are too injured to fight recklessly!
You are too injured to fight recklessly!
You are too injured to fight recklessly!
You are too injured to fight recklessly!
You are too injured to fight recklessly!
You are too injured to fight recklessly!
You are too injured to fight recklessly!
Unknown command.
An orc comes into view. It is wielding a +0 flail.
The orc moves out of view.
You feel very mighty all of a sudden.
The orc shouts!
You hear a shout!
You block the two-headed ogre's attack.
The two-headed ogre hits you with a +0 giant club!
* * * LOW HITPOINT WARNING * * *
The orc hits you but does no damage.
You hear a shout!
You fade into invisibility!
The orc hits you but does no damage.
You catch the helpless two-headed ogre completely off-guard!
You puncture the two-headed ogre!
The two-headed ogre is moderately wounded.
The two-headed ogre misses you.
The two-headed ogre hits you with a +0 giant club!
* * * LOW HITPOINT WARNING * * *
An orc comes into view. It is wielding a +0 dagger.
The orc hits you but does no damage.
You impale the two-headed ogre!!
The two-headed ogre is severely wounded.
The orc barely misses you. x2
The two-headed ogre hits you with a +0 giant club!!
You die...

#.....♣♣≈≈≈
###.....♣≈≈P≈
+.....(♣♣.≈≈≈
##.....♣≈P~≈~
#..#+#♣!≈≈.≈ #..#
#..# ♣
~~.#.######..# +#
≈......O@....# ..
...#...oo....# ..
+..o.........♣ ..
#o....###.#.#♣ ..
#.#'#.. ...... ..
#'#'#.........♣
.# . o.....
......#
.........~~....+#
~.


You could see a two-headed ogre (unable to see you) and 5 orcs.

Vanquished Creatures
  Pikel (D:4)
  The ghost of askman the Trooper, a novice DsMo of Qazlal (D:6)
  The ghost of hackum the Shooter, a novice MfHu of Okawaru (D:5)
  A warg (D:6)
  2 water moccasins
  3 orc warriors
  An ice beast (D:7)
  2 ogres (D:5)
  2 centaurs
  A lemure (D:4)
  A phantom (D:6)
  2 scorpions
  5 wights (D:7)
  3 howler monkeys (D:7)
  An electric eel (D:8)
  2 hounds
  Crazy Yiuf (D:2)
  5 orc priests
  A jelly (D:4)
  2 gnoll boudas
  A sleepcap (D:5)
  5 iguanas
  4 orc wizards
  7 gnolls
  7 adders
  A white imp (D:7)
  19 orcs
  9 ball pythons
  A bat (D:1)
  4 endoplasms
  2 giant cockroaches
  7 goblins
  7 hobgoblins
  3 jackals (D:4)
  4 kobolds
  3 quokkas
  3 frilled lizards
  3 rats (D:1)
128 creatures vanquished.

Vanquished Creatures (others)
  6 plants (D:8)
6 creatures vanquished.

Grand Total: 134 creatures vanquished

Notes
Turn   | Place    | Note
-------+----------+-------------------------------------------
     0 | D:1      | vineage the Gargoyle Fighter began the quest for the Orb.
     0 | D:1      | Reached XP level 1. HP: 14/14 MP: 1/1
   228 | D:1      | Reached XP level 2. HP: 19/19 MP: 2/2
   745 | D:2      | Reached skill level 4 in Fighting
   745 | D:2      | Reached XP level 3. HP: 24/24 MP: 3/3
  1050 | D:2      | Found a runed translucent door.
  1051 | D:2      | Noticed Crazy Yiuf
  1115 | D:2      | Found an ancient bone altar of Kikubaaqudgha.
  1177 | D:2      | Killed Crazy Yiuf
  1178 | D:2      | Reached XP level 4. HP: 18/30 MP: 4/4
  1532 | D:3      | Found a sacrificial altar of Ru.
  1588 | D:3      | Found an ornate altar of the Wu Jian Council.
  2181 | D:4      | Identified the +1 leather armour "Kythabut" {Stlth+}
  2199 | D:4      | Reached skill level 5 in Fighting
  2199 | D:4      | Reached XP level 5. HP: 27/35 MP: 5/5
  2237 | D:4      | Noticed an orc warrior
  2254 | D:4      | Killed an orc warrior
  2255 | D:4      | Reached XP level 6. HP: 20/40 MP: 6/6
  2411 | D:4      | Noticed Pikel
  2438 | D:4      | Killed Pikel
  2439 | D:4      | Reached skill level 7 in Fighting
  2439 | D:4      | Reached XP level 7. HP: 10/48 MP: 7/7
  2927 | D:5      | Entered Level 5 of the Dungeon
  3088 | D:5      | Reached XP level 8. HP: 20/53 MP: 8/8
  3512 | D:5      | Noticed hackum's ghost (novice MfHu)
  3515 | D:5      | Found a runed translucent door.
  3517 | D:5      | Found a staircase to the Ecumenical Temple.
  3589 | Temple   | Entered the Ecumenical Temple
  3885 | D:5      | Identified the +1 cloak "Cedefrog" {rCorr MP+9}
  4071 | D:5      | Killed hackum's ghost
  4072 | D:5      | Reached skill level 8 in Fighting
  4128 | D:6      | Reached skill level 5 in Armour
  4128 | D:6      | Reached skill level 5 in Shields
  4316 | D:6      | Found a runed translucent gate.
  4318 | D:6      | Found a runed translucent gate.
  4318 | D:6      | Found a runed translucent gate.
  4320 | D:6      | Noticed askman's ghost (novice DsMo)
  4327 | D:6      | Identified the +0 plate armour "Kuaxaiki" {rPois rF- rC-
                  | Int+3}
  4393 | D:6      | Reached XP level 9. HP: 49/59 MP: 9/9
  4508 | D:6      | Found an opulent altar of Gozag.
  4678 | D:6      | Found a stormy altar of Qazlal.
  4789 | D:6      | Killed askman's ghost
  4802 | D:6      | Reached skill level 9 in Fighting
  5452 | D:7      | Found a hide-covered altar of Uskayaw.
  5475 | D:7      | Reached XP level 10. HP: 30/66 MP: 10/10
  6425 | D:8      | Noticed a two-headed ogre
  6434 | D:8      | Mangled by a two-headed ogre

Illustrated notes

Levels and vault maps discovered:
D:1:      reono_arrival_mine, layout_loops_cross, minmay_misc_feat_pillars
D:2:      layout_rooms, basic_altar, uniq_crazy_yiuf_cottage
D:3:      layout_loops_ring, nicolae_ru_the_path_less_chosen,
          nzn_wu_jian_contemplation
D:4:      layout_loops_ring, minivault_1, nicolae_elevator_lobby_plus,
          uniq_pikel
D:5:      layout_loops_cross, minmay_temple_entry_grid,
          hellmonk_ghost_happy_afterlife
D:6:      layout_rooms, grunt_gozag_breadcrumbs, general_overflow_altar,
          biasface_ghost_orc_armoury
D:7:      layout_basic, nicolae_overflow_hidden_temple,
          chequers_serial_rivers_small_3
D:8:      layout_basic, mainiacjoe_overflow_tiny_flanked, enter_bailey_8,
          mrwooster_statue_mirror, introduction_to_nature_2
Temple:   hellmonk_temple_forest_ring

Skill      XL: |  1  2  3  4  5  6  7  8  9 10 |
---------------+-------------------------------+-----
Fighting       | 4 5 7 8 9 |  9.6
Maces & Flails | 3 4 6 7 8 |  8.5
Armour         | 5 6 7 |  7.2
Shields        | 5 6 7 |  7.1

Action                     |  1- 3 |  4- 6 |  7- 9 | 10-12 || total
---------------------------+-------+-------+-------+-------++-------
  Melee: Flail             |    88 |   115 |       |       ||   203
         Whip              |       |       |   292 |       ||   292
         Morningstar       |       |       |    25 |    61 ||    86
    Use: Scroll            |       |     5 |     7 |     1 ||    13
         Potion            |       |     2 |     4 |     2 ||     8
   Stab: Sleeping          |     3 |       |       |       ||     3
         Invisible         |       |       |     2 |     1 ||     3
 Armour: Steam dragon scal |    35 |    51 |   114 |    32 ||   232
         Scale mail        |     1 |       |       |       ||     1
  Dodge: Dodged            |    35 |    78 |   117 |    28 ||   258
  Block: Buckler           |    20 |    31 |   106 |    20 ||   177
         Reflection        |       |       |     1 |     2 ||     3

Table legend: (Time is in decaauts)
 A = Elapsed time spent in this place.
 B = Non-inter-level travel time spent in this place.
 C = Inter-level travel time spent in this place.
 D = Time resting spent in this place.
 E = Time spent auto-exploring this place.
 F = Levels seen in this place.
 G = Mean time per level.
                   A        B        C        D        E       F      G
               +--------+--------+--------+--------+--------+-----+--------+
         Total |   6434 |   6229 |    205 |    750 |   4400 |   9 |  714.9 |
       Dungeon |   6268 |   6077 |    191 |    750 |   4260 |   8 |  783.5 |
        Temple |    165 |    151 |     14 |      0 |    140 |   1 |  165.0 |
               +--------+--------+--------+--------+--------+-----+--------+

Top non-repeatable levels by time:
     D:7: 1109 daAuts
     D:4: 1030 daAuts
     D:5: 1008 daAuts
     D:6: 1003 daAuts
     D:1: 696 daAuts
     D:3: 627 daAuts
     D:2: 622 daAuts
     D:8: 170 daAuts
  Temple: 165 daAuts
